 Dungeon Crawl Stone Soup version 0.26-a0-639-g72c4674329 (webtiles) character file.

Game seed: 330179381307963045

2397 tof the Skirmisher (level 9, -11/71 HPs)
             Began as a Demonspawn Gladiator on Sept 21, 2020.
             Was a Believer of Wu Jian.
             Mangled by an orc warrior
             ... wielding a +0 long sword
              (13 damage)
             ... on level 6 of the Dungeon.
             The game lasted 00:31:11 (7306 turns).

tof the Skirmisher (Demonspawn Gladiator)           Turns: 7306, Time: 00:31:11

Health: -11/71     AC: 10    Str: 18      XL:     9   Next: 22%
Magic:  9/9        EV: 11    Int:  9      God:    Wu Jian [**....]
Gold:   374        SH:  0    Dex: 20 (21) Spells: 8/8 levels left

rFire    . . .     SeeInvis .   D - +0 lajatang
rCold    . . .     Faith    .   (shield currently unavailable)
rNeg     . . .     Spirit   .   n - +0 chain mail
rPois    .         Reflect  .   c - +0 helmet
rElec    .         Harm     .   (no cloak)
rCorr    .         Rampage  .   (no gloves)
MR       .....                  (no boots)
Stlth    ..........             i - amulet of the acrobat
HPRegen  0.21/turn              w - +6 ring of dexterity
MPRegen  0.11/turn              (no ring)

@: no status effects
A: talons 1, powered by pain 1, rot immunity
a: Wall Jump, Renounce Religion


You were on level 6 of the Dungeon.
You worshipped Wu Jian.
Wu Jian was pleased with you.
You visited 1 branch of the dungeon, and saw 6 of its levels.

You collected 374 gold pieces.

Inventory:

Hand Weapons
 a - a +0 quarterstaff
 D - a +0 lajatang (weapon)
Missiles
 d - 3 throwing nets (quivered)
Armour
 c - a +0 helmet (worn)
 n - a +0 chain mail (worn)
Jewellery
 i - an amulet of the acrobat (around neck)
 w - a +6 ring of dexterity (left hand)
 x - an uncursed ring of wizardry {unknown}
Wands
 t - a wand of polymorph (14)
 z - a wand of digging (3)
 A - a wand of flame (16)
Scrolls
 b - a scroll of immolation {unknown}
 e - 2 scrolls of magic mapping
 g - 2 scrolls of enchant armour {unknown}
 k - 10 scrolls of identify {unknown}
 l - 2 scrolls of enchant weapon {unknown}
 o - 2 scrolls of amnesia {unknown}
 p - a scroll of blinking {unknown}
 r - 4 scrolls of remove curse
 y - 4 scrolls of noise {unknown}
 B - a scroll of teleportation
Potions
 f - 4 potions of heal wounds {unknown}
 h - 2 potions of lignification {unknown}
 j - a potion of berserk rage {unknown}
 m - 4 potions of curing {unknown}
 q - 3 potions of brilliance {unknown}
 s - a potion of degeneration {unknown}
 u - a potion of haste {unknown}
 v - a potion of might {unknown}
 C - a potion of mutation {unknown}


   Skills:
 + Level 6.4 Fighting
 + Level 6.3 Staves
 - Level 3.7 Throwing
 + Level 4.2 Armour
 + Level 6.3 Dodging


You had 8 spell levels left.
You didn't know any spells.
Your spell library contained the following spells:

 Spells                   Type           Power        Failure   Level
 Animate Skeleton         Necr           #.....       99%         1
 Pain                     Necr           #...         99%         1
 Sandblast                Erth           #.....       99%         1
 Passwall                 Tmut/Erth      #.......     100%        2
 Stone Arrow              Conj/Erth      #.....       100%        3
 Vampiric Draining        Necr           #.........   100%        3
 Animate Dead             Necr           #.........   100%        4
 Petrify                  Tmut/Erth      #.......     100%        4
 Agony                    Necr           #.......     100%        5
 Lee's Rapid Deconstruct  Erth           #.........   100%        5


Dungeon Overview and Level Annotations

Branches:
Dungeon (6/15)             Temple (0/1) D:6

Altars:
Dithmenos
Elyvilon
Nemelex Xobeh
Wu Jian
The Shining One

Annotations:
D:4 1 runed translucent door, PrinceRibbit's ghost, amateur DrCj


Innate Abilities, Weirdness & Mutations

You have sharp toenails.
You sometimes gain a little power by taking damage.
You are immune to rotting.


Message History

The orc warrior is severely wounded.
The wyvern bites you!
The orc wizard looks satisfied for a moment.
The wyvern bites you.
The orc warrior hits you with a +0 long sword.
You closely miss the orc warrior. Your kick misses the orc warrior.
The orc warrior is severely wounded.
The wyvern barely misses you. The wyvern bites you.
The orc warrior hits you with a +0 long sword!
* * * LOW HITPOINT WARNING * * *
You hit the orc warrior but do no damage.
You claw the orc warrior, but do no damage.
The orc warrior is severely wounded.
The wyvern bites you but does no damage.
You hit the orc warrior. Your kick misses the orc warrior.
The orc warrior is severely wounded.
The wyvern bites you!
* * * LOW HITPOINT WARNING * * *
The orc warrior hits you with a +0 long sword!
You die...

#.#####
##......................#
......# ########...###...###.).#
#####.# ##.###..♣..[..♣.. #.#
#.##...♣♣...♣♣.. ###.###
#.#....♣♣♣o♣♣♣.. #.....# #...♣♣
♣o♣♣.♣♣ ##.....######## ###..♣♣
♣.♣.♣♣♣
#............÷######..♣♣♣♣.♣♣♣♣.
#......######.l@oo........8.....
#...[..# #####..#..♣♣♣♣.♣♣♣♣.
#.##.### ##...♣♣♣.♣.♣.♣♣♣ #.##.#
#.÷♣♣♣.♣♣.♣♣.♣♣ ##.##.#
#.....♣♣♣.♣♣♣.. ....).#
#.....♣♣...♣♣.. #######
##....♣..#..♣.. ##.....###...#
####### #####


You could see an orc warrior, a wyvern and an orc wizard.

Vanquished Creatures
  Pikel (D:3)
  Sigmund (D:2)
  A wyvern (D:6)
  Duvessa (D:6)
  A necrophage (D:5)
  A black bear (D:6)
  3 ogres
  A lemure (D:4)
  2 bullfrogs
  3 scorpions
  Dowan (D:6)
  A howler monkey (D:6)
  A bullfrog zombie (D:5)
  5 hounds
  2 quasits (D:6)
  A jelly (D:6)
  3 orc priests
  An orc wizard (D:2)
  3 worker ants
  A hound zombie (D:6)
  6 adders
  4 gnolls (D:3)
  A shadow imp (D:5)
  2 white imps
  6 oozes
  4 worms (D:3)
  3 dart slugs
  7 leopard geckos
  22 orcs
  A ball python (D:2)
  7 giant cockroaches
  7 goblins
  6 hobgoblins
  5 jackals
  8 quokkas
  6 bats
  7 frilled lizards
  A giant cockroach zombie (D:5)
  7 kobolds
  A quokka skeleton (D:4)
  A rat (D:1)
146 creatures vanquished.

Notes
Turn   | Place    | Note
-------+----------+-------------------------------------------
     0 | D:1      | tof the Demonspawn Gladiator began the quest for the Orb.
     0 | D:1      | Reached XP level 1. HP: 16/16 MP: 1/1
   416 | D:1      | Gained mutation: You have sharp toenails. [demonic
                  | ancestry]
   416 | D:1      | Reached XP level 2. HP: 22/22 MP: 2/2
  1120 | D:2      | Reached XP level 3. HP: 27/28 MP: 3/3
  1591 | D:2      | Found a glowing golden altar of the Shining One.
  1690 | D:2      | Found a shadowy altar of Dithmenos.
  1707 | D:2      | Noticed Sigmund
  1736 | D:2      | Killed Sigmund
  1736 | D:2      | Reached XP level 4. HP: 16/35 MP: 4/4
  1736 | D:2      | Reached XP level 5. HP: 19/41 MP: 5/5
  2320 | D:3      | Found an ornate altar of the Wu Jian Council.
  2339 | D:3      | Reached XP level 6. HP: 43/47 MP: 6/6
  2354 | D:3      | Became a worshipper of the Wu Jian Council
  3206 | D:3      | Found a sparkling altar of Nemelex Xobeh.
  3904 | D:4      | Reached XP level 7. HP: 46/54 MP: 7/7
  4042 | D:4      | Noticed Pikel
  4124 | D:4      | Reached * piety under Wu Jian
  4377 | D:4      | Found a runed translucent door.
  4390 | D:4      | Noticed PrinceRibbit's ghost (amateur DrCj)
  4812 | D:3      | Killed Pikel
  4812 | D:3      | Reached skill level 5 in Fighting
  4812 | D:3      | Reached skill level 5 in Staves
  4812 | D:3      | Reached skill level 5 in Dodging
  4812 | D:3      | Gained mutation: You sometimes gain a little power by
                  | taking damage. [demonic ancestry]
  4812 | D:3      | Reached XP level 8. HP: 10/62 MP: 8/8
  5424 | D:4      | Got a pitted hand axe
  5496 | D:5      | Entered Level 5 of the Dungeon
  5551 | D:5      | Found a white marble altar of Elyvilon.
  6522 | D:6      | Gained mutation: You are immune to rotting. [demonic
                  | ancestry]
  6522 | D:6      | Reached XP level 9. HP: 65/69 MP: 9/9
  6524 | D:6      | Reached ** piety under Wu Jian
  6581 | D:6      | Noticed Dowan
  6597 | D:6      | Found a staircase to the Ecumenical Temple.
  6625 | D:6      | Killed Dowan
  6819 | D:6      | Noticed Duvessa
  6833 | D:6      | Killed Duvessa
  7306 | D:6      | HP: 2/71 [wyvern (15)]
  7306 | D:6      | Mangled by an orc warrior

Illustrated notes

Levels and vault maps discovered:
D:1:      minmay_arrival_cross, layout_loops_ring, minmay_misc_feat_nine_boxes
D:2:      layout_loops_ring, lemuel_round_altar, roderic_lattice_a,
          grunt_dithmenos_smoke, uniq_sigmund
D:3:      minmay_chambers_of_twos, layout_loops_ring, lemuel_round_altar,
          nemelex_xobeh_ov_fountains_minmay
D:4:      layout_loops_ring, ebering_ghost_reflecting_pool, uniq_pikel
D:5:      layout_loops_ring, elyvilon_altar_4, feat_on_display
D:6:      layout_loops_ring, lemuel_blue_sif_altar,
          minmay_temple_entry_junction_2, grunt_ministairs_9,
          hangedman_decor_slide_cut, kb_rosetta, uniq_duvessa

Skill      XL: |  1  2  3  4  5  6  7  8  9 |
---------------+----------------------------+-----
Throwing       | 2 3 |  3.7
Dodging        | 3 4 5 6 |  6.3
Staves         | 3 4 5 6 |  6.3
Fighting       | 3 4 5 6 |  6.4
Armour         | 2 3 4 |  4.2

Action                   |  1- 3 |  4- 6 |  7- 9 || total
-------------------------+-------+-------+-------++-------
Melee: Quarterstaff      |    92 |   150 |   182 ||   424
       Kick              |    17 |    43 |    83 ||   143
       Lajatang          |       |       |    63 ||    63
Invok: Lunge             |       |    29 |    21 ||    50
       Whirlwind         |       |       |     9 ||     9
 Abil: Wall Jump         |       |       |     7 ||     7
  Use: Scroll            |     5 |       |     1 ||     6
 Stab: Sleeping          |     1 |       |       ||     1
Armor: Leather armour    |    17 |       |       ||    17
       Chain mail        |     3 |    86 |    90 ||   179
Dodge: Dodged            |    70 |    90 |   129 ||   289

Table legend: (Time is in decaauts)
 A = Elapsed time spent in this place.
 B = Non-inter-level travel time spent in this place.
 C = Inter-level travel time spent in this place.
 D = Time resting spent in this place.
 E = Time spent auto-exploring this place.
 F = Levels seen in this place.
 G = Mean time per level.
                   A        B        C        D        E       F      G
               +--------+--------+--------+--------+--------+-----+--------+
         Total |   7356 |   7230 |    126 |   2617 |   3182 |   6 | 1226.0 |
       Dungeon |   7356 |   7230 |    126 |   2617 |   3182 |   6 | 1226.0 |
               +--------+--------+--------+--------+--------+-----+--------+

Top non-repeatable levels by time:
     D:3: 1786 daAuts
     D:4: 1343 daAuts
     D:2: 1339 daAuts
     D:6: 1087 daAuts
     D:1: 1067 daAuts
     D:5: 732 daAuts
